Map: Jagannatha LE

Players

PtitDrogo - Winner!

  • Race: Protoss Protoss
  • League: Grandmaster

goblin

  • Race: Protoss Protoss
  • League: Master

Event: DreamHack SC2 Masters 2021 Summer

VOD

Have the link to the VOD?

Description

Time

  • Played on: June 2, 2021, 9:29 a.m.
  • Length: 10:46

All games in this series

Show
View Real Time Build Order
Export as new Build Order

PtitDrogo Protoss - Winner!

Build Orders: Phoenix Opening 

Get SALT Encoding   

  12  0:00  Probe  
  13  0:12  Probe  
  14  0:18  Pylon  
  14  0:24  Probe (Chrono Boost)  
  15  0:36  Probe (Chrono Boost)  
  15  0:38  Gateway  
  16  0:45  Probe (Chrono Boost)  
  16  0:47  Assimilator  
  17  0:51  Probe  
  17  0:55  Assimilator  
  18  1:03  Probe (Chrono Boost)  
  19  1:08  Gateway  
  19  1:13  Probe (Chrono Boost)  
  19  1:18  Probe  
  21  1:25  Cybernetics Core  
  21  1:30  Probe  
  22  1:35  Pylon  
  22  1:42  Probe  
  23  2:01  Stalker  
  23  2:02  Stalker, Warp Gate  
  27  2:09  Pylon  
  27  2:10  Probe  
  28  2:32  Sentry  
  30  2:40  Probe  
  30  2:43  Nexus  
  30  2:46  Pylon  
  32  2:51  Sentry  
  32  2:53  Probe (Chrono Boost)  
  33  3:00  Sentry  
  33  3:04  Probe (Chrono Boost)  
  33  3:05  Shield Battery  
  36  3:07  Phoenix  
  36  3:09  Probe (Chrono Boost)  
  37  3:19  Twilight Council  
  37  3:22  Probe (Chrono Boost)  
  38  3:27  Probe (Chrono Boost)  
  39  3:37  Probe  
  40  3:43  Forge  
  40  3:47  Shield Battery  
  40  3:52  Stalker  
  42  3:56  Probe  
  42  3:58  Probe  
  44  4:07  Stalker  
  44  4:08  Probe  
  47  4:10  Probe (Chrono Boost)  
  48  4:20  Probe (Chrono Boost)  
  48  4:21  Blink  
  48  4:22  Probe (Chrono Boost)  
  50  4:27  Stalker  
  50  4:30  Probe x2 (Chrono Boost)  
  54  4:32  Protoss Ground Weapons Level 1  
  54  4:35  Probe (Chrono Boost)  
  55  4:42  Stalker, Probe  
  58  4:50  Stalker  
  55  5:01  Probe (Chrono Boost)  
  57  5:07  Probe (Chrono Boost)  
  57  5:10  Probe (Chrono Boost)  
  59  5:14  Probe (Chrono Boost)  
  59  5:15  Probe (Chrono Boost)  
  60  5:22  Pylon  
  60  5:27  Probe (Chrono Boost)  
  62  5:28  Assimilator  
  62  5:29  Probe (Chrono Boost)  
  62  5:31  Pylon  
  62  5:34  Nexus  
  62  5:39  Probe (Chrono Boost)  
  62  5:41  Probe (Chrono Boost)  
  64  5:42  Robotics Facility  
  64  5:47  Probe  
  65  5:52  Probe (Chrono Boost)  
  65  5:55  Gateway  
  65  5:56  Gateway  
  68  6:04  Pylon, Probe x2 (Chrono Boost)  
  68  6:12  Shield Battery, Probe (Chrono Boost)  
  68  6:14  Probe (Chrono Boost)  
  70  6:18  Probe  
  70  6:24  Probe  
  72  6:30  Probe  
  73  6:34  Observer  
  73  6:35  Stalker x2  
  73  6:36  Probe (Chrono Boost)  
  79  6:44  Gateway x2  
  79  6:46  Probe (Chrono Boost)  
  80  6:47  Probe (Chrono Boost)  
  80  6:51  Protoss Ground Weapons Level 2 (Chrono Boost)  
  82  6:54  Probe (Chrono Boost)  
  82  6:56  Probe (Chrono Boost)  
  82  6:58  Charge, Probe (Chrono Boost)  
  82  6:59  Immortal  
  82  7:01  Probe x2 (Chrono Boost)  
  89  7:04  Pylon  
  89  7:05  Assimilator  
  89  7:06  Probe  
  91  7:11  Zealot x2  
  91  7:12  Probe, Zealot x2  
  91  7:13  Probe  
  101  7:16  Pylon  
  101  7:19  Gateway  
  97  7:32  Stalker x4  
  103  7:46  Stalker x2  
  103  7:51  Warp Prism (Chrono Boost)  
  99  8:04  Zealot x4  
  107  8:07  Gateway  
  107  8:08  Nexus  
  107  8:09  Pylon  
  107  8:14  Photon Cannon  
  107  8:22  Templar Archives  
  107  8:29  Zealot x6  
  107  8:30  Zealot  
  121  8:36  Gateway  
  121  8:37  Gateway  
  121  8:40  Pylon  
  121  8:43  Pylon  
  121  8:49  Pylon  
  121  8:53  Pylon  
  121  9:00  High Templar x6  
  121  9:01  Zealot x2  
  137  9:05  Archon x3  
  137  9:16  Probe  
  138  9:17  Photon Cannon  
  135  9:29  Stalker  
  135  9:30  Zealot x2  
  140  9:33  Zealot x7  
  140  9:35  Probe x2  
  156  9:53  Zealot  
  156  9:54  Zealot x7  
  164  10:03  Probe  
  164  10:04  Zealot x2  
  155  10:11  Probe  
  154  10:16  Zealot x8  
  154  10:20  Probe  
  147  10:33  Zealot x2  
  135  10:39  Zealot x5  
Show
View Real Time Build Order
Export as new Build Order

goblin Protoss 

Build Orders: Oracle Opening 

Get SALT Encoding   

  12  0:00  Probe  
  13  0:12  Probe  
  14  0:20  Pylon  
  14  0:24  Probe  
  15  0:38  Probe (Chrono Boost)  
  15  0:40  Gateway  
  16  0:47  Probe (Chrono Boost)  
  16  0:48  Assimilator  
  17  0:52  Probe (Chrono Boost)  
  17  0:56  Assimilator  
  18  1:04  Probe (Chrono Boost)  
  18  1:08  Gateway  
  19  1:14  Probe (Chrono Boost)  
  20  1:19  Probe (Chrono Boost)  
  21  1:28  Cybernetics Core  
  21  1:31  Probe  
  22  1:37  Pylon  
  22  1:43  Probe  
  23  1:55  Probe  
  24  2:04  Stalker x2  
  24  2:05  Warp Gate  
  28  2:13  Pylon, Probe  
  29  2:34  Stalker x2  
  33  2:42  Stargate  
  33  3:12  Nexus  
  33  3:20  Shield Battery  
  33  3:23  Oracle (Chrono Boost)  
  35  3:29  Probe  
  35  3:31  Pylon  
  36  3:50  Oracle (Chrono Boost)  
  36  3:51  Probe  
  40  4:03  Probe  
  41  4:15  Probe (Chrono Boost)  
  42  4:21  Twilight Council  
  43  4:25  Probe (Chrono Boost)  
  43  4:28  Probe (Chrono Boost)  
  44  4:32  Nexus  
  44  4:35  Probe x2 (Chrono Boost)  
  46  4:40  Probe (Chrono Boost)  
  46  4:41  Probe  
  48  4:52  Probe  
  49  4:54  Probe  
  49  4:55  Blink (Chrono Boost)  
  47  5:00  Forge  
  47  5:04  Probe  
  47  5:06  Probe  
  49  5:09  Gateway  
  49  5:14  Gateway  
  49  5:16  Probe  
  49  5:17  Sentry  
  49  5:18  Stalker  
  54  5:25  Protoss Ground Weapons Level 1 (Chrono Boost)  
  54  5:28  Probe  
  54  5:31  Probe  
  54  5:33  Pylon  
  57  5:43  Probe (Chrono Boost)  
  57  5:46  Probe x2 (Chrono Boost)  
  57  5:49  Stalker x2  
  63  5:53  Gateway  
  63  5:55  Probe x2 (Chrono Boost)  
  63  5:56  Probe (Chrono Boost)  
  66  5:59  Gateway  
  66  6:00  Probe x2 (Chrono Boost)  
  68  6:05  Probe  
  68  6:07  Stalker  
  71  6:12  Probe x2  
  73  6:20  Probe  
  73  6:21  Gateway  
  73  6:22  Gateway  
  73  6:23  Oracle  
  77  6:30  Stalker  
  77  6:32  Probe x2  
  81  6:38  Gateway  
  81  6:39  Gateway  
  81  6:40  Stalker  
  81  6:42  Charge (Chrono Boost)  
  81  6:46  Zealot  
  85  6:49  Pylon  
  85  6:51  Assimilator  
  85  6:52  Assimilator  
  85  6:55  Pylon  
  85  7:00  Probe x3  
  85  7:07  Pylon  
  85  7:08  Stalker x3, Zealot  
  93  7:13  Zealot x2, Probe  
  93  7:15  Probe x2  
  100  7:24  Pylon  
  100  7:26  Protoss Ground Weapons Level 2 (Chrono Boost)  
  100  7:30  Zealot x3  
  100  7:31  Zealot  
  90  7:53  Zealot x5  
  90  7:54  Zealot x4  
  90  7:55  Stalker  
  102  8:08  Nexus  
  102  8:10  Pylon  
  102  8:11  Probe x3  
  103  8:18  Templar Archives  
  103  8:23  Sentry, Zealot, Probe  
  108  8:27  Probe x2  
  108  8:29  Pylon  
  110  8:34  Zealot x5  
  110  8:35  Probe  
  110  8:39  Probe  
  122  8:52  Robotics Facility  
  122  8:53  Pylon  
  122  8:58  Pylon  
  122  8:59  High Templar  
  122  9:00  Zealot x3, High Templar  
  132  9:05  Archon  
  132  9:15  Zealot, High Templar x2  
  133  9:18  Shield Battery x2  
  133  9:21  Archon  
  133  9:28  Pylon  
  133  9:31  Pylon  
  133  9:33  Pylon  
  133  9:34  Pylon  
  133  9:40  Pylon  
  133  9:42  Pylon  
  133  9:44  Pylon, Nexus  
  133  9:45  Pylon  
  133  9:48  Pylon, Zealot  
  133  9:49  Zealot  
  133  9:50  Zealot x4  
  141  9:56  Zealot x3  
  141  9:57  Zealot  
  143  10:11  Zealot x3, High Templar x2  
  143  10:12  Zealot  
  152  10:15  Archon  
  113  10:31  Zealot x4  
  113  10:32  Zealot  
  102  10:36  Zealot x2  
Tags
 
Add a new tag
Caveats
  • Supply blocks, unpowered buildings, or Contaminate may cause inaccurate times.
  • Supply counts are checked every 10 seconds.